Blues vs Flyers

Created - November 7, 2018 at 23:04

Goals
1 2 3 T
Blues 0 1 1 2
Flyers 0 2 1 3
Shots
1 2 3 T
Blues 13 8 15 36
Flyers 10 13 3 26

1st period

No Goal

Penalties :
Alex Pietrangelo (STL) for Holding (Minor) at 4:07, Marcus Kruger (Phi) for Hooking (Minor) at 13:03

2nd period

1. Flyers , Mats Zuccarello 2 (Brian Lashoff 2, Dany Heatley 2) at 4:19
2. Flyers , Dany Heatley 2 (Mats Zuccarello 1, Jeff Carter 11) at 7:03
3. Blues , David Perron 8 (Nicklas Backstrom 18, Sergei Shirokov 5) at 16:47 (PP)

Penalties :
Dany Heatley (Phi) for Tripping (Minor) at 15:50

3rd period

4. Blues , Nicklas Backstrom 3 (David Perron 5, Sergei Shirokov 6) at 8:07
5. Flyers , J.T. Miller 6 (Jaromir Jagr 3) at 8:42

Penalties :
J.T. Miller (Phi) for Interference (Minor) at 2:24, Alex Pietrangelo (STL) for Roughing (Minor) at 8:48, Jason Pominville (STL) for Slashing (Minor) at 19:54

Goalie Stats

Ray Emery (STL), 23 saves from 26 shots - (0.885), L, 1-2-0, 59:31 minutes
Steve Mason (Phi), 34 saves from 36 shots - (0.944), W, 3-1-1, 60:00 minutes

Players Stats for Blues

Player Name              G  A  P  +/- PIM S  H  SB GA TA FO     MP     PP MP  PK MP  
------------------------------------------------------------------------------------
Alex Pietrangelo         0  0  0  -2  4   4  0  2  0  0  0/0    25:24   2:08   0:05 
Bryce Lampman            0  0  0  -1  0   2  0  0  0  1  0/0    22:19   2:47   2:35 
Cody Ceci                0  0  0   1  0   1  1  0  0  1  0/0    15:48   0:00   2:30 
David Perron             1  1  2   1  0   7  1  3  1  1  0/1    23:49   3:25   1:05 
Drew Shore               0  0  0   0  0   0  1  0  1  0  2/4     8:57   0:00   0:51 
Filip Forsberg           0  0  0  -1  0   0  3  0  1  0  0/0    12:21   0:00   0:00 
George Parros            0  0  0   0  0   0  1  1  0  0  0/0     8:01   0:00   0:00 
Jake Gardiner            0  0  0  -2  0   2  2  0  0  0  0/0    25:04   2:08   1:28 
Jason Pominville         0  0  0  -1  2   2  0  0  0  1  0/0    16:06   3:25   0:00 
Linus Omark              0  0  0   0  0   0  1  0  0  0  0/0     7:48   0:00   0:00 
Logan Couture            0  0  0  -1  0   1  2  1  0  0  5/20   16:36   1:30   2:09 
Milan Michalek           0  0  0  -2  0   2  1  0  0  0  0/0    14:07   1:30   1:03 
Nick Leddy               0  0  0   1  0   1  0  0  0  0  0/0    14:53   2:47   0:00 
Nicklas Backstrom        1  1  2   1  0   6  0  1  1  0  14/28  21:46   3:25   0:00 
Patrick Kaleta           0  0  0  -2  0   4  1  1  0  0  0/0    13:38   0:00   1:55 
Sergei Shirokov          0  2  2   1  0   0  2  0  0  0  2/2    19:54   1:30   0:00 
Tomas Plekanec           0  0  0  -2  0   2  2  0  0  0  4/10   12:48   0:00   1:03 
Yann Sauvé               0  0  0  -1  0   2  1  0  0  0  0/0    16:34   0:00   1:28 

Players Stats for Flyers

Player Name              G  A  P  +/- PIM S  H  SB GA TA FO     MP     PP MP  PK MP  
------------------------------------------------------------------------------------
Brian Lashoff            0  1  1   2  0   0  1  0  0  0  0/0    15:52   0:00   0:00 
Brian McGrattan          0  0  0   0  0   0  2  0  0  1  0/0     7:40   0:00   0:00 
Chris Mcallister         0  0  0   0  0   1  1  1  0  0  0/0     9:46   0:00   2:03 
Dany Heatley             1  1  2   1  2   3  1  2  0  0  0/0    12:34   0:00   0:50 
Drew Miller              0  0  0   0  0   3  2  1  0  1  0/0    20:43   2:00   0:11 
J.T. Miller              1  0  1   1  2   1  0  1  1  0  0/0    17:20   2:03   1:51 
Jakub Voracek            0  0  0   0  0   2  0  0  1  0  2/2    20:32   2:00   0:00 
Jaromir Jagr             0  1  1   1  0   2  1  0  0  0  2/3    14:42   2:03   0:00 
Jeff Carter              0  1  1   0  0   8  1  0  0  0  19/33  20:43   2:00   0:00 
Jeff Woywitka            0  0  0   0  0   0  3  2  0  0  0/0    23:27   2:04   1:28 
Jonathan Ericsson        0  0  0   2  0   0  0  2  0  0  0/0    19:26   2:04   1:28 
Kyle Wellwood            0  0  0   1  0   0  2  0  0  1  7/12   17:52   2:03   2:44 
Marcus Kruger            0  0  0   1  2   2  0  1  0  0  4/7    12:41   0:00   0:24 
Mats Zuccarello          1  1  2   1  0   2  1  0  0  0  1/1    11:40   0:00   0:00 
Matt Smaby               0  0  0   0  0   1  0  4  0  1  0/0    20:21   1:59   3:27 
Matthew Lombardi         0  0  0   0  0   1  0  0  0  0  3/7     9:27   0:00   1:47 
Nathan Beaulieu          0  0  0   0  0   0  1  0  1  0  0/0    15:00   0:00   0:00 
Oliver Ekman-Larsson     0  0  0   0  0   0  0  2  1  0  0/0    25:16   1:59   3:27 

3 Stars

1 - Mats Zuccarello (Phi)
2 - David Perron (STL)
3 - Nicklas Backstrom (STL)

Power Play

Blues - 1 on 3 Attempt(s) - 33.33%
Flyers - 0 on 4 Attempt(s) - 0.00%

Penalty Kill

Blues - 4 on 4 Attempt(s) - 100.00% - Score 0 goal in Penalty Kill
Flyers - 2 on 3 Attempt(s) - 66.67% - Score 0 goal in Penalty Kill

Team Stat

Blues - Hits : 19 - Faceoff Wins : 27 - Blocked Shots : 9 - Penalty Minutes : 6
Flyers - Hits : 16 - Faceoff Wins : 38 - Blocked Shots : 16 - Penalty Minutes : 6

Official

Referees : Unknown
Linesman : Unknown

Game Notes

19:34 of 3rd period - Penalty Shot by Jake Gardiner for Blues - Stopped by Steve Mason

Finance

Level 1 -- Attendance: 3788 (63.13%) -- Ticket Income $473,500
Level 2 -- Attendance: 3276 (65.52%) -- Ticket Income $245,700
Level 3 -- Attendance: 1086 (54.30%) -- Ticket Income $54,300
Level 4 -- Attendance: 2243 (56.08%) -- Ticket Income $89,720
Luxury Box -- Attendance: 494 (49.40%) -- Ticket Income $123,500
Game was played at the Wells Fargo Center.
Total Attendance: 10887 (60.48%)
Total Ticket Income: $986,720
Other Income: $148,008
Total Income: $1,134,728

Blues

5 vs 5 Forward 
   Center                   Left Wing                Right Wing               Time % Phy DF OF 
 1 Nicklas Backstrom        David Perron             Sergei Shirokov          40     1   2  2  
 2 Logan Couture            Filip Forsberg           Jason Pominville         30     1   2  2  
 3 Tomas Plekanec           Milan Michalek           Patrick Kaleta           20     1   2  2  
 4 Drew Shore               Linus Omark              George Parros            10     1   2  2  

5 vs 5 Defense 
   Defense                  Defense                                           Time % Phy DF OF 
 1 Alex Pietrangelo         Jake Gardiner                                     40     1   2  2  
 2 Bryce Lampman            Yann Sauvé                                        30     1   2  2  
 3 Nick Leddy               Cody Ceci                                         20     1   2  2  
 4 Alex Pietrangelo         Bryce Lampman                                     10     1   2  2  

PowerPlay Forward 
   Center                   Left Wing                Right Wing               Time % Phy DF OF 
 1 Nicklas Backstrom        David Perron             Jason Pominville         60     1   2  2  
 2 Logan Couture            Milan Michalek           Sergei Shirokov          40     1   2  2  

PowerPlay Defense
   Defense                  Defense                                           Time % Phy DF OF 
 1 Alex Pietrangelo         Jake Gardiner                                     60     1   2  2  
 2 Nick Leddy               Bryce Lampman                                     40     1   2  2  

Penalty Kill 4 Players Forward 
   Center                   Wing                     Time % Phy DF OF 
 1 Logan Couture            Patrick Kaleta           60     1   2  2  
 2 Tomas Plekanec           Milan Michalek           40     1   2  2  

Penalty Kill 4 Players Defense
   Defense                  Defense                  Time % Phy DF OF 
 1 Alex Pietrangelo         Bryce Lampman            60     1   2  2  
 2 Jake Gardiner            Yann Sauvé               40     1   2  2  

Penalty Kill - 3 Players Forward 
   Forward                                           Time % Phy DF OF 
 1 Logan Couture                                     60     1   2  2  
 2 Milan Michalek                                    40     1   2  2  

Penalty Kill - 3 Players Defense
   Defense                  Defense                  Time % Phy DF OF 
 1 Alex Pietrangelo         Bryce Lampman            60     1   2  2  
 2 Jake Gardiner            Yann Sauvé               40     1   2  2  

4 vs 4 Forward 
   Center                   Wing                     Time % Phy DF OF 
 1 Nicklas Backstrom        David Perron             60     1   2  2  
 2 Logan Couture            Jason Pominville         40     1   2  2  

4 vs 4 Defense
   Defense                  Defense                  Time % Phy DF OF 
 1 Alex Pietrangelo         Bryce Lampman            60     1   2  2  
 2 Jake Gardiner            Yann Sauvé               40     1   2  2  

Last Minutes Offensive
   Center                   Left Wing                Right Wing               Defense                  Defense                  
   Nicklas Backstrom        David Perron             Jason Pominville         Alex Pietrangelo         Jake Gardiner            

Last Minutes Defensive
   Center                   Left Wing                Right Wing               Defense                  Defense                  
   Logan Couture            Milan Michalek           Patrick Kaleta           Alex Pietrangelo         Bryce Lampman            

Goaltenders
Starting : Ray Emery                
Backup : Carey Price              

Extra Forwards
Normal : Logan Couture, George Parros, Patrick Kaleta - PP : Logan Couture, George Parros - PK : Patrick Kaleta
Extra Defensemen
Normal : Nick Leddy, Cody Ceci, Jake Gardiner - PP : Nick Leddy - PK : Cody Ceci, Jake Gardiner
Penalty Shots
David Perron, Nicklas Backstrom, Logan Couture, Drew Shore, Milan Michalek

Scratches
Travis Zajac (Strained Groin Injury)

Flyers

5 vs 5 Forward 
   Center                   Left Wing                Right Wing               Time % Phy DF OF 
 1 Jeff Carter              Drew Miller              Jakub Voracek            40     0   1  4  
 2 Kyle Wellwood            J.T. Miller              Jaromir Jagr             30     0   1  4  
 3 Marcus Kruger            Dany Heatley             Mats Zuccarello          20     0   1  4  
 4 Matthew Lombardi         Chris Mcallister         Brian McGrattan          10     0   4  1  

5 vs 5 Defense 
   Defense                  Defense                                           Time % Phy DF OF 
 1 Oliver Ekman-Larsson     Matt Smaby                                        30     1   3  1  
 2 Jeff Woywitka            Nathan Beaulieu                                   30     1   3  1  
 3 Brian Lashoff            Jonathan Ericsson                                 30     1   3  1  
 4 Oliver Ekman-Larsson     Jeff Woywitka                                     10     1   3  1  

PowerPlay Forward 
   Center                   Left Wing                Right Wing               Time % Phy DF OF 
 1 Jeff Carter              Drew Miller              Jakub Voracek            50     0   1  4  
 2 Kyle Wellwood            J.T. Miller              Jaromir Jagr             50     0   1  4  

PowerPlay Defense
   Defense                  Defense                                           Time % Phy DF OF 
 1 Oliver Ekman-Larsson     Matt Smaby                                        50     0   2  3  
 2 Jonathan Ericsson        Jeff Woywitka                                     50     0   2  3  

Penalty Kill 4 Players Forward 
   Center                   Wing                     Time % Phy DF OF 
 1 Matthew Lombardi         Chris Mcallister         50     0   4  1  
 2 Kyle Wellwood            J.T. Miller              50     0   4  1  

Penalty Kill 4 Players Defense
   Defense                  Defense                  Time % Phy DF OF 
 1 Oliver Ekman-Larsson     Matt Smaby               50     1   4  0  
 2 Jeff Woywitka            Jonathan Ericsson        50     1   4  0  

Penalty Kill - 3 Players Forward 
   Forward                                           Time % Phy DF OF 
 1 Matthew Lombardi                                  50     0   4  1  
 2 Kyle Wellwood                                     50     0   4  1  

Penalty Kill - 3 Players Defense
   Defense                  Defense                  Time % Phy DF OF 
 1 Oliver Ekman-Larsson     Matt Smaby               50     1   4  0  
 2 Jeff Woywitka            Jonathan Ericsson        50     1   4  0  

4 vs 4 Forward 
   Center                   Wing                     Time % Phy DF OF 
 1 Jeff Carter              Jakub Voracek            50     0   2  3  
 2 Kyle Wellwood            Jaromir Jagr             50     0   2  3  

4 vs 4 Defense
   Defense                  Defense                  Time % Phy DF OF 
 1 Oliver Ekman-Larsson     Matt Smaby               50     1   3  1  
 2 Jeff Woywitka            Jonathan Ericsson        50     1   3  1  

Last Minutes Offensive
   Center                   Left Wing                Right Wing               Defense                  Defense                  
   Jeff Carter              Drew Miller              Jakub Voracek            Oliver Ekman-Larsson     Jeff Woywitka            

Last Minutes Defensive
   Center                   Left Wing                Right Wing               Defense                  Defense                  
   Matthew Lombardi         Chris Mcallister         Brian McGrattan          Oliver Ekman-Larsson     Jeff Woywitka            

Goaltenders
Starting : Steve Mason              
Backup : Cory Schneider           

Extra Forwards
Normal : Jeff Carter, Kyle Wellwood, Drew Miller - PP : Jeff Carter, Kyle Wellwood - PK : Chris Mcallister
Extra Defensemen
Normal : Oliver Ekman-Larsson, Jeff Woywitka, Jonathan Ericsson - PP : Oliver Ekman-Larsson - PK : Oliver Ekman-Larsson, Jeff Woywitka
Penalty Shots
Jeff Carter, Dany Heatley, Kyle Wellwood, Jaromir Jagr, J.T. Miller

Scratches
None


% Time on Ice - Blues

Lines # - Real PCT - Wanted PCT - Time Play
Normal Forward
1 - 37% - 40% - 18:19
2 - 24% - 30% - 12:09
3 - 23% - 20% - 11:45
4 - 16% - 10% - 7:48
Normal Defense
1 - 40% - 40% - 20:02
2 - 31% - 30% - 15:20
3 - 24% - 20% - 12:14
4 - 5% - 10% - 2:25
PP Forward
1 - 69% - 60% - 3:25
2 - 31% - 40% - 1:30
PP Defense
1 - 43% - 60% - 2:08
2 - 57% - 40% - 2:47
PK Forward
1 - 74% - 60% - 3:00
2 - 26% - 40% - 1:03
PK Defense
1 - 64% - 60% - 2:35
2 - 36% - 40% - 1:28
PK3 Forward
1 - 0% - 60%
2 - 0% - 40%
PK3 Defense
1 - 0% - 60%
2 - 0% - 40%
44 Forward
1 - 0% - 60%
2 - 0% - 40%
44 Defense
1 - 0% - 60%
2 - 0% - 40%
Last Minute Offensive  - 1:01
Last Minute Defensive  - 0:00
Total
Forward - 60:00
Defense - 60:00

% Time on Ice - Flyers

Lines # - Real PCT - Wanted PCT - Time Play
Normal Forward
1 - 37% - 40% - 18:32
2 - 26% - 30% - 13:10
3 - 23% - 20% - 11:40
4 - 13% - 10% - 6:45
Normal Defense
1 - 30% - 30% - 15:15
2 - 30% - 30% - 15:02
3 - 32% - 30% - 15:52
4 - 8% - 10% - 3:58
PP Forward
1 - 49% - 50% - 2:00
2 - 51% - 50% - 2:03
PP Defense
1 - 49% - 50% - 1:59
2 - 51% - 50% - 2:04
PK Forward
1 - 36% - 50% - 1:47
2 - 64% - 50% - 3:08
PK Defense
1 - 70% - 50% - 3:27
2 - 30% - 50% - 1:28
PK3 Forward
1 - 0% - 50%
2 - 0% - 50%
PK3 Defense
1 - 0% - 50%
2 - 0% - 50%
44 Forward
1 - 0% - 50%
2 - 0% - 50%
44 Defense
1 - 0% - 50%
2 - 0% - 50%
Last Minute Offensive  - 0:00
Last Minute Defensive  - 0:55
Total
Forward - 60:00
Defense - 60:00

Play by Play

1st period


0:01 of 1st period - Nicklas Backstrom wins face-off versus Jeff Carter in neutral zone.
0:40 of 1st period - Snap shot by Jaromir Jagr.
0:40 of 1st period - Stopped by Ray Emery with a rebound.
1:10 of 1st period - George Parros is hit by Brian McGrattan and loses puck.
3:29 of 1st period - Wrist shot by Marcus Kruger.
3:29 of 1st period - Stopped by Ray Emery without a rebound.
3:30 of 1st period - Mats Zuccarello wins face-off versus Tomas Plekanec in Blues zone.
4:03 of 1st period - Snap shot by Dany Heatley.
4:03 of 1st period - Stopped by Ray Emery without a rebound.
4:04 of 1st period - Jeff Carter wins face-off versus Nicklas Backstrom in Blues zone.
4:05 of 1st period - Wrist shot by Jakub Voracek.
4:05 of 1st period - Shot Misses the Net.
4:07 of 1st period - Minor Penalty to Alex Pietrangelo for Holding.
4:08 of 1st period - Logan Couture wins face-off versus Jeff Carter in Blues zone.
4:21 of 1st period - Slapshot by Patrick Kaleta.
4:21 of 1st period - Shot Blocked by Drew Miller.
6:00 of 1st period - Icing by J.T. Miller.
6:01 of 1st period - Drew Shore wins face-off versus Jeff Carter in Flyers zone.
6:07 of 1st period - Penalty to Alex Pietrangelo is over, Alex Pietrangelo is back on ice.
6:13 of 1st period - Icing by Bryce Lampman.
6:14 of 1st period - Nicklas Backstrom wins face-off versus Matthew Lombardi in Blues zone.
6:29 of 1st period - Slapshot by David Perron.
6:29 of 1st period - Stopped by Steve Mason without a rebound.
6:30 of 1st period - Jeff Carter wins face-off versus Logan Couture in Flyers zone.
6:41 of 1st period - Snap shot by Logan Couture.
6:41 of 1st period - Stopped by Steve Mason without a rebound.
6:42 of 1st period - Jeff Carter wins face-off versus Nicklas Backstrom in Flyers zone.
7:06 of 1st period - Icing by Bryce Lampman.
7:07 of 1st period - Kyle Wellwood wins face-off versus Nicklas Backstrom in Blues zone.
7:24 of 1st period - Snap shot by Sergei Shirokov.
7:24 of 1st period - Shot Blocked by Matt Smaby.
7:26 of 1st period - Slapshot by David Perron.
7:26 of 1st period - Stopped by Steve Mason with a rebound.
7:28 of 1st period - Slapshot by Yann Sauvé.
7:28 of 1st period - Stopped by Steve Mason with a rebound.
7:30 of 1st period - Slapshot by Sergei Shirokov.
7:30 of 1st period - Shot Misses the Net.
7:44 of 1st period - Snap shot by Nicklas Backstrom.
7:44 of 1st period - Stopped by Steve Mason with a rebound.
7:46 of 1st period - Slapshot by Yann Sauvé.
7:46 of 1st period - Stopped by Steve Mason without a rebound.
7:47 of 1st period - Logan Couture wins face-off versus Jeff Carter in Flyers zone.
7:59 of 1st period - Icing by Jeff Carter.
8:00 of 1st period - Logan Couture wins face-off versus Jeff Carter in Flyers zone.
8:17 of 1st period - Backhand shot by Jakub Voracek.
8:17 of 1st period - Shot Misses the Net.
8:23 of 1st period - Snap shot by Drew Miller.
8:23 of 1st period - Stopped by Ray Emery without a rebound.
8:24 of 1st period - Kyle Wellwood wins face-off versus Drew Shore in Blues zone.
8:29 of 1st period - Snap shot by Jaromir Jagr.
8:29 of 1st period - Stopped by Ray Emery with a rebound.
10:14 of 1st period - Dany Heatley is hit by Jake Gardiner and loses puck.
10:39 of 1st period - Jason Pominville is hit by Jeff Woywitka and loses puck.
11:02 of 1st period - Wrist shot by Matthew Lombardi.
11:02 of 1st period - Stopped by Ray Emery with a rebound.
11:04 of 1st period - Snap shot by Chris Mcallister.
11:04 of 1st period - Shot Misses the Net.
11:42 of 1st period - Backhand shot by Jeff Carter.
11:42 of 1st period - Stopped by Ray Emery without a rebound.
11:43 of 1st period - Nicklas Backstrom wins face-off versus Jeff Carter in Blues zone.
11:56 of 1st period - Wrist shot by Drew Miller.
11:56 of 1st period - Stopped by Ray Emery without a rebound.
11:57 of 1st period - Logan Couture wins face-off versus Jeff Carter in Blues zone.
12:24 of 1st period - Sergei Shirokov is hit by Kyle Wellwood and loses puck.
12:55 of 1st period - Snap shot by Milan Michalek.
12:55 of 1st period - Shot Misses the Net.
12:57 of 1st period - Slapshot by Nick Leddy.
12:57 of 1st period - Shot Blocked by Dany Heatley.
13:03 of 1st period - Minor Penalty to Marcus Kruger for Hooking.
13:04 of 1st period - Nicklas Backstrom wins face-off versus Matthew Lombardi in Flyers zone.
13:07 of 1st period - Snap shot by Nicklas Backstrom.
13:07 of 1st period - Shot Blocked by Chris Mcallister.
13:34 of 1st period - Snap shot by David Perron.
13:34 of 1st period - Shot Blocked by Oliver Ekman-Larsson.
13:36 of 1st period - Slapshot by Bryce Lampman.
13:36 of 1st period - Stopped by Steve Mason with a rebound.
13:38 of 1st period - Slapshot by Nick Leddy.
13:38 of 1st period - Shot Misses the Net.
13:40 of 1st period - Wrist shot by David Perron.
13:40 of 1st period - Shot Misses the Net.
13:42 of 1st period - Slapshot by Nicklas Backstrom.
13:42 of 1st period - Stopped by Steve Mason with a rebound.
14:24 of 1st period - Wrist shot by Nicklas Backstrom.
14:24 of 1st period - Shot Misses the Net.
15:03 of 1st period - Penalty to Marcus Kruger is over, Marcus Kruger is back on ice.
15:04 of 1st period - Slapshot by Nicklas Backstrom.
15:04 of 1st period - Shot Blocked by J.T. Miller.
15:06 of 1st period - Snap shot by David Perron.
15:06 of 1st period - Shot Misses the Net.
15:08 of 1st period - Snap shot by Jason Pominville.
15:08 of 1st period - Stopped by Steve Mason with a rebound.
15:10 of 1st period - Slapshot by Bryce Lampman.
15:10 of 1st period - Shot Blocked by Matt Smaby.
15:12 of 1st period - Backhand shot by David Perron.
15:12 of 1st period - Stopped by Steve Mason with a rebound.
15:20 of 1st period - Snap shot by David Perron.
15:20 of 1st period - Shot Misses the Net.
15:22 of 1st period - Wrist shot by Bryce Lampman.
15:22 of 1st period - Shot Blocked by Oliver Ekman-Larsson.
15:24 of 1st period - Slapshot by Nick Leddy.
15:24 of 1st period - Stopped by Steve Mason with a rebound.
15:26 of 1st period - Slapshot by Bryce Lampman.
15:26 of 1st period - Shot Blocked by Matt Smaby.
15:28 of 1st period - Wrist shot by Nicklas Backstrom.
15:28 of 1st period - Deflect By David Perron.
15:28 of 1st period - Stopped by Steve Mason without a rebound.
15:29 of 1st period - Jeff Carter wins face-off versus Tomas Plekanec in Flyers zone.
15:40 of 1st period - Slapshot by Alex Pietrangelo.
15:40 of 1st period - Stopped by Steve Mason with a rebound.
16:09 of 1st period - Wrist shot by Jake Gardiner.
16:09 of 1st period - Shot Blocked by Marcus Kruger.
16:19 of 1st period - Cody Ceci is hit by Chris Mcallister and loses puck.
16:24 of 1st period - Snap shot by Chris Mcallister.
16:24 of 1st period - Stopped by Ray Emery with a rebound.
17:03 of 1st period - Milan Michalek is hit by Dany Heatley and loses puck.
18:46 of 1st period - Logan Couture is hit by Brian Lashoff and loses puck.
19:14 of 1st period - Jake Gardiner is hit by Drew Miller and loses puck.
19:25 of 1st period - Cody Ceci is hit by Brian McGrattan and loses puck.
19:42 of 1st period - Snap shot by Drew Miller.
19:42 of 1st period - Deflect By Jeff Carter.
19:42 of 1st period - Stopped by Ray Emery with a rebound.
19:52 of 1st period - Sergei Shirokov is hit by Jeff Carter and loses puck.
Goals for this period are 0 for Blues vs 0 for Flyers.
Shots for this period are 13 for Blues vs 10 for Flyers.

2nd period


0:01 of 2nd period - Sergei Shirokov wins face-off versus Jeff Carter in neutral zone.
0:04 of 2nd period - Slapshot by Alex Pietrangelo.
0:04 of 2nd period - Stopped by Steve Mason with a rebound.
0:53 of 2nd period - Slapshot by Bryce Lampman.
0:53 of 2nd period - Stopped by Steve Mason without a rebound.
0:54 of 2nd period - Tomas Plekanec wins face-off versus Marcus Kruger in Flyers zone.
1:01 of 2nd period - Wrist shot by Patrick Kaleta.
1:01 of 2nd period - Shot Misses the Net.
1:03 of 2nd period - Snap shot by Patrick Kaleta.
1:03 of 2nd period - Stopped by Steve Mason without a rebound.
1:04 of 2nd period - Nicklas Backstrom wins face-off versus Jeff Carter in Flyers zone.
1:39 of 2nd period - Slapshot by Alex Pietrangelo.
1:39 of 2nd period - Deflect By Logan Couture.
1:39 of 2nd period - Shot Misses the Net.
1:39 of 2nd period - Puck is out of play.
1:40 of 2nd period - Jeff Carter wins face-off versus Logan Couture in Flyers zone.
1:40 of 2nd period - Jeff Carter is hit by Logan Couture.
2:38 of 2nd period - Snap shot by Mats Zuccarello.
2:38 of 2nd period - Stopped by Ray Emery with a rebound.
2:56 of 2nd period - Wrist shot by Cody Ceci.
2:56 of 2nd period - Stopped by Steve Mason without a rebound.
2:57 of 2nd period - Jeff Carter wins face-off versus Logan Couture in Flyers zone.
3:07 of 2nd period - Snap shot by Drew Miller.
3:07 of 2nd period - Shot Misses the Net.
3:09 of 2nd period - Wrist shot by Jeff Carter.
3:09 of 2nd period - Stopped by Ray Emery without a rebound.
3:10 of 2nd period - Nicklas Backstrom wins face-off versus Jeff Carter in Blues zone.
3:21 of 2nd period - Slapshot by Alex Pietrangelo.
3:21 of 2nd period - Deflect By David Perron.
3:21 of 2nd period - Shot Misses the Net.
3:21 of 2nd period - Puck is out of play.
3:22 of 2nd period - Jakub Voracek wins face-off versus Nicklas Backstrom in Flyers zone.
4:10 of 2nd period - Snap shot by Patrick Kaleta.
4:10 of 2nd period - Stopped by Steve Mason without a rebound.
4:11 of 2nd period - Marcus Kruger wins face-off versus Tomas Plekanec in Flyers zone.
4:11 of 2nd period - Marcus Kruger is hit by Patrick Kaleta.
4:17 of 2nd period - Snap shot by Mats Zuccarello.
4:17 of 2nd period - Shot Blocked by Alex Pietrangelo.
4:19 of 2nd period - Slapshot by Brian Lashoff.
4:19 of 2nd period - Deflect By Mats Zuccarello.
4:19 of 2nd period - Goal by Mats Zuccarello - Blues : 0 - Flyers : 1.
4:20 of 2nd period - Nicklas Backstrom wins face-off versus Jeff Carter in neutral zone.
5:27 of 2nd period - Oliver Ekman-Larsson is hit by Linus Omark and loses puck.
6:03 of 2nd period - Snap shot by Jeff Carter.
6:03 of 2nd period - Stopped by Ray Emery without a rebound.
6:04 of 2nd period - Kyle Wellwood wins face-off versus Logan Couture in Blues zone.
6:05 of 2nd period - Backhand shot by J.T. Miller.
6:05 of 2nd period - Shot Blocked by Logan Couture.
6:59 of 2nd period - Slapshot by Jeff Carter.
6:59 of 2nd period - Stopped by Ray Emery with a rebound.
7:01 of 2nd period - Snap shot by Mats Zuccarello.
7:01 of 2nd period - Shot Misses the Net.
7:03 of 2nd period - Backhand shot by Dany Heatley.
7:03 of 2nd period - Goal by Dany Heatley - Blues : 0 - Flyers : 2.
7:04 of 2nd period - Jeff Carter wins face-off versus Nicklas Backstrom in neutral zone.
8:27 of 2nd period - Off-side.
8:28 of 2nd period - Jeff Carter wins face-off versus Nicklas Backstrom in neutral zone.
8:52 of 2nd period - Icing by Nathan Beaulieu.
8:53 of 2nd period - Kyle Wellwood wins face-off versus Logan Couture in Flyers zone.
9:06 of 2nd period - Kyle Wellwood is hit by Filip Forsberg and loses puck.
9:27 of 2nd period - Nathan Beaulieu is hit by Sergei Shirokov and loses puck.
9:40 of 2nd period - Tomas Plekanec is hit by Mats Zuccarello.
9:52 of 2nd period - Wrist shot by Dany Heatley.
9:52 of 2nd period - Stopped by Ray Emery without a rebound.
9:53 of 2nd period - Nicklas Backstrom wins face-off versus Kyle Wellwood in Blues zone.
10:23 of 2nd period - Wrist shot by Patrick Kaleta.
10:23 of 2nd period - Stopped by Steve Mason without a rebound.
10:24 of 2nd period - Jeff Carter wins face-off versus Tomas Plekanec in Flyers zone.
10:29 of 2nd period - Yann Sauvé is hit by Drew Miller and loses puck.
11:21 of 2nd period - Off-side.
11:22 of 2nd period - Marcus Kruger wins face-off versus Logan Couture in neutral zone.
11:31 of 2nd period - Snap shot by Marcus Kruger.
11:31 of 2nd period - Stopped by Ray Emery with a rebound.
11:51 of 2nd period - Icing by Alex Pietrangelo.
11:52 of 2nd period - Nicklas Backstrom wins face-off versus Jeff Carter in Blues zone.
12:17 of 2nd period - Slapshot by Jeff Carter.
12:17 of 2nd period - Deflect By Nicklas Backstrom.
12:17 of 2nd period - Shot Misses the Net.
12:17 of 2nd period - Puck is out of play.
12:18 of 2nd period - Logan Couture wins face-off versus Kyle Wellwood in Blues zone.
12:23 of 2nd period - Jonathan Ericsson is hit by Filip Forsberg and loses puck.
12:55 of 2nd period - Snap shot by Milan Michalek.
12:55 of 2nd period - Shot Blocked by Dany Heatley.
13:07 of 2nd period - Snap shot by Jeff Carter.
13:07 of 2nd period - Stopped by Ray Emery with a rebound.
13:09 of 2nd period - Snap shot by Drew Miller.
13:09 of 2nd period - Stopped by Ray Emery without a rebound.
13:10 of 2nd period - Jeff Carter wins face-off versus Nicklas Backstrom in Blues zone.
13:20 of 2nd period - Off-side.
13:21 of 2nd period - Jakub Voracek wins face-off versus Logan Couture in neutral zone.
14:46 of 2nd period - Icing by Alex Pietrangelo.
14:47 of 2nd period - Jeff Carter wins face-off versus Drew Shore in Blues zone.
15:02 of 2nd period - Wrist shot by Alex Pietrangelo.
15:02 of 2nd period - Shot Blocked by Jonathan Ericsson.
15:20 of 2nd period - Snap shot by Kyle Wellwood.
15:20 of 2nd period - Shot Blocked by Alex Pietrangelo.
15:22 of 2nd period - Slapshot by Brian Lashoff.
15:22 of 2nd period - Shot Blocked by George Parros.
15:42 of 2nd period - Snap shot by David Perron.
15:42 of 2nd period - Shot Blocked by Matt Smaby.
15:50 of 2nd period - Minor Penalty to Dany Heatley for Tripping.
15:51 of 2nd period - Nicklas Backstrom wins face-off versus Matthew Lombardi in Flyers zone.
16:17 of 2nd period - Sergei Shirokov is hit by Kyle Wellwood and loses puck.
16:29 of 2nd period - Slapshot by Matt Smaby.
16:29 of 2nd period - Stopped by Ray Emery with a rebound.
16:31 of 2nd period - Snap shot by Kyle Wellwood.
16:31 of 2nd period - Shot Misses the Net.
16:47 of 2nd period - Snap shot by David Perron.
16:47 of 2nd period - Goal by David Perron - Blues : 1 - Flyers : 2.
16:48 of 2nd period - Jeff Carter wins face-off versus Logan Couture in neutral zone.
16:53 of 2nd period - Snap shot by Drew Miller.
16:53 of 2nd period - Shot Misses the Net.
17:57 of 2nd period - George Parros is hit by Jeff Woywitka.
18:36 of 2nd period - Icing by Alex Pietrangelo.
18:37 of 2nd period - Drew Shore wins face-off versus Jaromir Jagr in Blues zone.
18:41 of 2nd period - Icing by Jake Gardiner.
18:42 of 2nd period - Nicklas Backstrom wins face-off versus Kyle Wellwood in Blues zone.
18:51 of 2nd period - Snap shot by Jake Gardiner.
18:51 of 2nd period - Stopped by Steve Mason without a rebound.
18:52 of 2nd period - Jeff Carter wins face-off versus Logan Couture in Flyers zone.
19:02 of 2nd period - Off-side.
19:03 of 2nd period - Jeff Carter wins face-off versus Nicklas Backstrom in neutral zone.
19:12 of 2nd period - Wrist shot by Drew Miller.
19:12 of 2nd period - Shot Misses the Net.
19:14 of 2nd period - Snap shot by Drew Miller.
19:14 of 2nd period - Shot Blocked by David Perron.
19:16 of 2nd period - Snap shot by Jakub Voracek.
19:16 of 2nd period - Shot Hit the Post.
19:18 of 2nd period - Wrist shot by Drew Miller.
19:18 of 2nd period - Deflect By Jakub Voracek.
19:18 of 2nd period - Stopped by Ray Emery with a rebound.
19:20 of 2nd period - Wrist shot by Jakub Voracek.
19:20 of 2nd period - Stopped by Ray Emery without a rebound.
19:21 of 2nd period - Jaromir Jagr wins face-off versus Logan Couture in Blues zone.
Goals for this period are 1 for Blues vs 2 for Flyers.
Shots for this period are 8 for Blues vs 13 for Flyers.

3rd period


0:01 of 3rd period - Jeff Carter wins face-off versus Logan Couture in neutral zone.
0:31 of 3rd period - Snap shot by Patrick Kaleta.
0:31 of 3rd period - Shot Misses the Net.
0:33 of 3rd period - Slapshot by Bryce Lampman.
0:33 of 3rd period - Shot Blocked by Jeff Woywitka.
0:35 of 3rd period - Snap shot by Milan Michalek.
0:35 of 3rd period - Stopped by Steve Mason without a rebound.
0:36 of 3rd period - Kyle Wellwood wins face-off versus Nicklas Backstrom in Flyers zone.
1:02 of 3rd period - Jeff Woywitka is hit by Logan Couture and loses puck.
2:24 of 3rd period - Minor Penalty to J.T. Miller for Interference.
2:25 of 3rd period - Matthew Lombardi wins face-off versus Nicklas Backstrom in Flyers zone.
3:15 of 3rd period - Dany Heatley is hit by David Perron and loses puck.
4:24 of 3rd period - Penalty to J.T. Miller is over, J.T. Miller is back on ice.
4:39 of 3rd period - George Parros is hit by Nathan Beaulieu.
5:24 of 3rd period - Brian Lashoff is hit by George Parros and loses puck.
5:41 of 3rd period - Jeff Carter is hit by Tomas Plekanec and loses puck.
5:56 of 3rd period - Nicklas Backstrom is hit by Jeff Woywitka and loses puck.
6:13 of 3rd period - Wrist shot by Chris Mcallister.
6:13 of 3rd period - Deflect By Matthew Lombardi.
6:13 of 3rd period - Shot Blocked by Patrick Kaleta.
6:13 of 3rd period - Puck is out of play.
6:14 of 3rd period - Tomas Plekanec wins face-off versus Matthew Lombardi in Blues zone.
6:45 of 3rd period - Wrist shot by Jeff Carter.
6:45 of 3rd period - Stopped by Ray Emery without a rebound.
6:46 of 3rd period - Nicklas Backstrom wins face-off versus Kyle Wellwood in Blues zone.
6:55 of 3rd period - Wrist shot by Nicklas Backstrom.
6:55 of 3rd period - Shot Blocked by Jeff Woywitka.
7:19 of 3rd period - Jeff Carter is hit by Yann Sauvé.
7:34 of 3rd period - Off-side.
7:35 of 3rd period - Tomas Plekanec wins face-off versus Marcus Kruger in neutral zone.
8:07 of 3rd period - Wrist shot by Nicklas Backstrom.
8:07 of 3rd period - Goal by Nicklas Backstrom - Blues : 2 - Flyers : 2.
8:08 of 3rd period - Jeff Carter wins face-off versus David Perron in neutral zone.
8:40 of 3rd period - Wrist shot by Jakub Voracek.
8:40 of 3rd period - Deflect By Jeff Carter.
8:40 of 3rd period - Shot Blocked by Nicklas Backstrom.
8:40 of 3rd period - Puck is out of play.
8:41 of 3rd period - Jaromir Jagr wins face-off versus Logan Couture in Blues zone.
8:42 of 3rd period - Snap shot by J.T. Miller.
8:42 of 3rd period - Goal by J.T. Miller - Blues : 2 - Flyers : 3.
8:43 of 3rd period - Jeff Carter wins face-off versus Nicklas Backstrom in neutral zone.
8:46 of 3rd period - Snap shot by Jeff Woywitka.
8:46 of 3rd period - Shot Blocked by David Perron.
8:48 of 3rd period - Minor Penalty to Alex Pietrangelo for Roughing.
8:49 of 3rd period - Kyle Wellwood wins face-off versus Logan Couture in Blues zone.
10:13 of 3rd period - Matt Smaby is hit by Cody Ceci.
10:23 of 3rd period - Jeff Carter is hit by Drew Shore and loses puck.
10:48 of 3rd period - Penalty to Alex Pietrangelo is over, Alex Pietrangelo is back on ice.
11:33 of 3rd period - Chris Mcallister is hit by Filip Forsberg and loses puck.
12:19 of 3rd period - Snap shot by Milan Michalek.
12:19 of 3rd period - Deflect By Tomas Plekanec.
12:19 of 3rd period - Stopped by Steve Mason with a rebound.
13:08 of 3rd period - Brian McGrattan is hit by Tomas Plekanec and loses puck.
13:36 of 3rd period - Matt Smaby is hit by Sergei Shirokov and loses puck.
13:42 of 3rd period - Off-side.
13:43 of 3rd period - Jeff Carter wins face-off versus Logan Couture in neutral zone.
15:55 of 3rd period - Icing by J.T. Miller.
15:56 of 3rd period - Nicklas Backstrom wins face-off versus Kyle Wellwood in Flyers zone.
15:57 of 3rd period - Wrist shot by David Perron.
15:57 of 3rd period - Stopped by Steve Mason with a rebound.
15:59 of 3rd period - Snap shot by Alex Pietrangelo.
15:59 of 3rd period - Stopped by Steve Mason with a rebound.
16:01 of 3rd period - Slapshot by Alex Pietrangelo.
16:01 of 3rd period - Stopped by Steve Mason with a rebound.
16:03 of 3rd period - Wrist shot by David Perron.
16:03 of 3rd period - Stopped by Steve Mason without a rebound.
16:04 of 3rd period - Nicklas Backstrom wins face-off versus Jeff Carter in Flyers zone.
16:09 of 3rd period - Snap shot by David Perron.
16:09 of 3rd period - Shot Misses the Net.
16:11 of 3rd period - Backhand shot by Jake Gardiner.
16:11 of 3rd period - Stopped by Steve Mason without a rebound.
16:12 of 3rd period - Sergei Shirokov wins face-off versus Jeff Carter in Flyers zone.
16:34 of 3rd period - Snap shot by Drew Miller.
16:34 of 3rd period - Shot Misses the Net.
16:39 of 3rd period - Off-side.
16:40 of 3rd period - Tomas Plekanec wins face-off versus Marcus Kruger in neutral zone.
16:45 of 3rd period - Marcus Kruger is hit by Milan Michalek.
17:05 of 3rd period - Sergei Shirokov is hit by Jaromir Jagr and loses puck.
17:14 of 3rd period - Wrist shot by J.T. Miller.
17:14 of 3rd period - Shot Misses the Net.
17:36 of 3rd period - Wrist shot by Jeff Carter.
17:36 of 3rd period - Stopped by Ray Emery without a rebound.
17:37 of 3rd period - Marcus Kruger wins face-off versus Tomas Plekanec in Blues zone.
17:38 of 3rd period - Snap shot by Mats Zuccarello.
17:38 of 3rd period - Shot Misses the Net.
17:46 of 3rd period - Wrist shot by Milan Michalek.
17:46 of 3rd period - Stopped by Steve Mason without a rebound.
17:47 of 3rd period - Marcus Kruger wins face-off versus Tomas Plekanec in Flyers zone.
18:05 of 3rd period - Snap shot by Patrick Kaleta.
18:05 of 3rd period - Shot Misses the Net.
18:07 of 3rd period - Snap shot by Tomas Plekanec.
18:07 of 3rd period - Stopped by Steve Mason with a rebound.
18:09 of 3rd period - Slapshot by Yann Sauvé.
18:09 of 3rd period - Shot Misses the Net.
18:11 of 3rd period - Slapshot by Patrick Kaleta.
18:11 of 3rd period - Shot Misses the Net.
18:13 of 3rd period - Slapshot by Bryce Lampman.
18:13 of 3rd period - Shot Misses the Net.
18:15 of 3rd period - Snap shot by Patrick Kaleta.
18:15 of 3rd period - Stopped by Steve Mason without a rebound.
18:16 of 3rd period - Jeff Carter wins face-off versus Nicklas Backstrom in Flyers zone.
18:33 of 3rd period - Snap shot by Alex Pietrangelo.
18:33 of 3rd period - Shot Blocked by Jonathan Ericsson.
19:06 of 3rd period - Blues, Ray Emery is pulled from the net.
19:18 of 3rd period - Wrist shot by Nicklas Backstrom.
19:18 of 3rd period - Stopped by Steve Mason with a rebound.
19:20 of 3rd period - Snap shot by Nicklas Backstrom.
19:20 of 3rd period - Stopped by Steve Mason with a rebound.
19:22 of 3rd period - Slapshot by Nicklas Backstrom.
19:22 of 3rd period - Stopped by Steve Mason with a rebound.
19:24 of 3rd period - Wrist shot by Jason Pominville.
19:24 of 3rd period - Stopped by Steve Mason without a rebound.
19:25 of 3rd period - Claude Julien call a timeout for Blues.
19:25 of 3rd period - Matthew Lombardi wins face-off versus Nicklas Backstrom in Flyers zone.
19:25 of 3rd period - Matthew Lombardi is hit by Jake Gardiner.
19:34 of 3rd period - Penalty Shot by Jake Gardiner for Blues.
19:34 of 3rd period - Wrist shot by Jake Gardiner.
19:34 of 3rd period - Stopped by Steve Mason.
19:35 of 3rd period - Ray Emery from Blues was sent back in the game.
19:35 of 3rd period - Matthew Lombardi wins face-off versus Nicklas Backstrom in Blues zone.
19:52 of 3rd period - Snap shot by Chris Mcallister.
19:52 of 3rd period - Shot Blocked by David Perron.
19:54 of 3rd period - Minor Penalty to Jason Pominville for Slashing.
19:55 of 3rd period - Kyle Wellwood wins face-off versus Logan Couture in Blues zone.
Goals for this period are 1 for Blues vs 1 for Flyers.
Shots for this period are 15 for Blues vs 3 for Flyers.